 Dungeon Crawl Stone Soup version 0.29.1-15-g9cfb28693d (webtiles) character file.

Game seed: 16555106986659502171

54 leafyfresh the Sneak (level 3, 0/26 HPs)
             Began as an Octopode Delver on Mar 4, 2023.
             Slain by a hound (1 damage)
             ... on level 6 of the Dungeon.
             The game lasted 00:00:50 (337 turns).

leafyfresh the Sneak (Octopode Delver)               Turns: 337, Time: 00:00:51

Health: 0/26       AC:  1    Str: 11    XL:     3   Next: 91%
Magic:  3/3        EV: 13    Int: 14    God:
Gold:   34         SH:  0    Dex: 13    Spells: 2/2 levels left

rFire   . . .      SeeInvis .   a - +0 short sword
rCold   . . .      Faith    .   (no shield)
rNeg    . . .      Spirit   .   (helmet restricted)
rPois   .          Reflect  .   (no amulet)
rElec   .          Harm     .   (no ring)
rCorr   .          Rampage  .   (no ring)
Will    .....                   (no ring)
Stlth   ++++......              (no ring)
HPRegen 0.08/turn               (no ring)
MPRegen 0.08/turn               (no ring)
                                (no ring)
                                (no ring)

@: no status effects
A: almost no armour, amphibious, 8 rings, camouflage 1, gelatinous body 1,
(nimble swimmer 1), tentacles
a: no special abilities


You were on level 6 of the Dungeon.
You visited 1 branch of the dungeon, and saw 2 of its levels.

You collected 34 gold pieces.

Inventory:

Hand Weapons
 a - a +0 short sword (weapon)
Magical Staves
 g - a staff of air
Wands
 f - a wand of digging (3)
Scrolls
 b - a scroll of fog
 c - a scroll of magic mapping
Potions
 d - a potion of mutation {unknown}
 e - a potion of haste


   Skills:
 + Level 3.6 Fighting
 - Level 2.0 Short Blades
 + Level 2.8 Dodging
 + Level 7.2 Stealth


You had 2 spell levels left.
You didn't know any spells.
Your spell library was empty.

Dungeon Overview and Level Annotations

Branches:
Dungeon (6/15)
 Temple: D:4-7

Altars:


Innate Abilities, Weirdness & Mutations

You cannot wear most types of armour.
You are amphibious.
You can wear up to eight rings at the same time.
Your skin changes colour to match your surroundings (Stealth+).
Your rubbery body absorbs attacks. (AC +1, EV +1)
((You are camouflaged when in or above water. (Stealth+)))
You have tentacles for arms and can constrict up to eight enemies at once.


Message History

A hound comes into view.
The hound barks!
d - an emerald potion
There are no items here.
Found 6 stones.
A hound comes into view.
You see here a staff of air.
g - a staff of air The hound misses you.
You completely miss the hound. Your grab misses the hound.
The hound closely misses you.
You hit the hound. Your grab misses the hound.
The hound is lightly wounded.
The hound bites you.
* * * LOW HITPOINT WARNING * * *
The hound bites you.
* * * LOW HITPOINT WARNING * * *
You miss the hound. Your grab misses the hound.
The hound is lightly wounded.
The hound barks!
The hound barely misses you.
You hit the hound. You grab the hound.
The hound is moderately wounded.
You constrict the hound. The hound closely misses you.
The hound barely misses you.
You hit the hound but do no damage. You squeeze the hound!
The hound is almost dead.
You constrict the hound.
You kill the hound!
The hound bites you.
* * * LOW HITPOINT WARNING * * *
You see here a hound corpse.
Unknown command.
Unknown command.
You completely miss the hound. Your grab misses the hound.
The hound completely misses you.
You miss the hound. You grab the hound.
You constrict the hound, but do no damage.
The hound bites you.
You die...

########## ##
###........#####.
##................
##.................
##h@................
###..............####.
#...............## ##
#................# #
#..................# #
............##.......#
#..........###.......#
...(......## ##.......
......# .......


You could see a hound.

Vanquished Creatures
  A hound (D:6)
  2 adders (D:5)
  3 orcs (D:5)
6 creatures vanquished.

Notes
Turn   | Place    | Note
-------+----------+-------------------------------------------
     0 | D:5      | leafyfresh the Octopode Delver began the quest for the Orb.
     0 | D:5      | Reached XP level 1. HP: 16/16 MP: 1/1
    21 | D:5      | Reached XP level 2. HP: 21/21 MP: 2/2
    43 | D:5      | Reached skill level 7 in Stealth
    45 | D:5      | Reached XP level 3. HP: 12/26 MP: 3/3
   295 | D:6      | Noticed a black bear
   331 | D:6      | HP: 1/26 [hound (3)]
   337 | D:6      | Slain by a hound

Illustrated notes

Levels and vault maps discovered:
D:5:      dreamdust_elfheim, layout_basic, minmay_temple_entry_enclosed_plants,
          nicolae_ossuary_entry_giza
D:6:      layout_cave_pods

Skill      XL: |  1  2 |
---------------+-------+-----
Stealth        | 7 |  7.2
Fighting       | |  3.6
Short Blades   | |  2.0
Dodging        | |  2.8

Action                   || total
-------------------------++-------
Melee: Short sword       ||    22
       Constrict         ||     6
       Punch             ||     1
       Tentacles         ||     4
  Use: Scroll            ||     1
Armor: Skin              ||     1
Dodge: Dodged            ||    16
